 Dungeon Crawl Stone Soup version 0.23.0-28-g6fe0f4dc8b (webtiles) character file.

Game seed: 3225272759623130706

152 Kniotic the Insei (level 5, -1/41 HPs)
             Began as a Demonspawn Monk on Feb 25, 2019.
             Was a Believer of Dithmenos.
             Killed by divine providence
             ... invoked by an orc priest
              (11 damage)
             ... on level 3 of the Dungeon.
             The game lasted 00:03:42 (3185 turns).

Kniotic the Insei (Demonspawn Monk)                 Turns: 3185, Time: 00:03:43

Health: -1/41      AC:  4    Str: 12    XL:     5   Next: 11%
Magic:  5/5        EV: 13    Int: 11    God:    Dithmenos [**....]
Gold:   137        SH:  0    Dex: 16    Spells: 4/4 levels left

rFire    . . .     SeeInvis .     - Unarmed
rCold    . . .     Gourm    .   (no shield)
rNeg     . . .     Faith    .   a - +0 robe
rPois    .         Spirit   .   (no helmet)
rElec    .         Reflect  .   (no cloak)
rCorr    .         Harm     .   (no gloves)
MR       .....                  (no boots)
Stlth    ++........             (no amulet)
HPRegen  1.13/turn              (no ring)
MPRegen  0.09/turn              (no ring)

@: slowed, wreathed by umbra, very slow
A: yellow scales 1, demonic guardian 1, powered by death 1
a: Shadow Step, Renounce Religion


You were on level 3 of the Dungeon.
You worshipped Dithmenos.
Dithmenos was pleased with you.
You were not hungry.

You visited 1 branch of the dungeon, and saw 3 of its levels.

You collected 137 gold pieces.

Inventory:

Armour
 a - a +0 robe (worn)
Jewellery
 k - a +2 ring of protection
 p - an uncursed amulet of the acrobat {unknown}
 t - an uncursed ring of see invisible {unknown}
Scrolls
 c - 2 scrolls of identify {unknown}
 d - a scroll of random uselessness {unknown}
 h - 2 scrolls of amnesia {unknown}
 i - a scroll of fog {unknown}
 j - a scroll of teleportation {unknown}
 m - 2 scrolls of enchant weapon {unknown}
 n - a scroll of blinking {unknown}
Potions
 e - a potion of magic {unknown}
 f - a potion of resistance {unknown}
 g - 4 potions of curing
 l - a potion of brilliance {unknown}
 o - a potion of berserk rage {unknown}
 q - a potion of experience {unknown}
 s - a potion of ambrosia {unknown}
Comestibles
 b - 2 rations
 r - 4 chunks of flesh


   Skills:
 - Level 3.0 Fighting
 - Level 2.6 Dodging
 - Level 1.7 Stealth
 + Level 5.3 Unarmed Combat


You had 4 spell levels left.
You didn't know any spells.
Your spell library was empty.

Dungeon Overview and Level Annotations

Branches:
Dungeon (3/15)

Altars:
Dithmenos
Hepliaklqana
Kikubaaqudgha
Makhleb
Sif Muna
Wu Jian


Innate Abilities, Weirdness & Mutations

You are partially covered in yellow scales. (AC +2)
A weak demonic guardian rushes to your aid.
You regenerate a little health from kills.


Message History

The orc priest mumbles some strange prayers to Beogh against you.
Beogh smites you!
* * * LOW HITPOINT WARNING * * *
Your iron imp hits the orc!
The orc dies!
Dithmenos accepts your kill.
You closely miss the orc priest.
The orc priest is heavily wounded.
The orc wizard barely misses you. The orc priest hits you.
* * * LOW HITPOINT WARNING * * *
The goblin misses you.
The orc wizard hits you with a +0 dagger.
* * * LOW HITPOINT WARNING * * *
Some of the chunks of flesh in your inventory have rotted away.
It was a potion of curing.
You feel better.
The orc wizard hits you with a +0 dagger.
* * * LOW HITPOINT WARNING * * *
The orc priest calls down the wrath of Beogh upon you.
Beogh smites you!
You die...

#.# #.# #+# #.#
#.# #.# ####.#
..# # ##....##
###
#.##......####.
.........?.....
#.og5..#
##.@o.## ####.#
#.# #.# #.# #.#
# #.# # #.#
#### #
########.#
######...


You could see an orc priest, an orc wizard, a goblin and a friendly iron imp.

Vanquished Creatures
  Crazy Yiuf (D:2)
  Jessica (D:2)
  A gnoll (D:2)
  2 adders (D:3)
  2 worms
  A dart slug (D:1)
  2 ball pythons (D:2)
  12 bats
  3 giant cockroaches
  9 goblins
  6 hobgoblins
  4 jackals (D:2)
  5 frilled lizards
  7 kobolds
  11 rats
67 creatures vanquished.

Vanquished Creatures (collateral kills)
  An orc (D:3)
  2 kobolds (D:2)
  A frilled lizard (D:2)
4 creatures vanquished.

Grand Total: 71 creatures vanquished

Notes
Turn   | Place    | Note
-------+----------+-------------------------------------------
     0 | D:1      | Kniotic the Demonspawn Monk began the quest for the Orb.
     0 | D:1      | Reached XP level 1. HP: 18/18 MP: 1/1
    65 | D:1      | Reached skill level 3 in Unarmed Combat
   304 | D:1      | Gained mutation: You are partially covered in yellow
                  | scales. (AC +2) [demonic ancestry]
   304 | D:1      | Reached XP level 2. HP: 24/24 MP: 2/2
   923 | D:1      | Gained mutation: A weak demonic guardian rushes to your
                  | aid. [demonic ancestry]
   923 | D:1      | Reached XP level 3. HP: 28/29 MP: 3/3
  1090 | D:2      | Found a deep blue altar of Sif Muna.
  1119 | D:2      | Reached skill level 4 in Unarmed Combat
  1637 | D:2      | Found an ornate altar of the Wu Jian Council.
  1725 | D:2      | Noticed Jessica
  1739 | D:2      | Killed Jessica
  1739 | D:2      | Gained mutation: You regenerate a little health from kills.
                  | [demonic ancestry]
  1739 | D:2      | Reached XP level 4. HP: 3/35 MP: 4/4
  1999 | D:2      | Found a faded altar of an unknown god.
  2079 | D:2      | Found a hazy altar of Hepliaklqana.
  2214 | D:2      | Found a runed translucent door.
  2215 | D:2      | Noticed Crazy Yiuf
  2294 | D:2      | Found a shadowy altar of Dithmenos.
  2294 | D:2      | Found a burning altar of Makhleb.
  2303 | D:2      | Found an ancient bone altar of Kikubaaqudgha.
  2313 | D:2      | Became a worshipper of Dithmenos the Shadowed
  2313 | D:2      | Reached * piety under Dithmenos
  2313 | D:2      | Reached ** piety under Dithmenos
  2669 | D:2      | Killed Crazy Yiuf
  2669 | D:2      | Reached skill level 5 in Unarmed Combat
  3056 | D:3      | Reached XP level 5. HP: 41/41 MP: 5/5
  3184 | D:3      | HP: 2/41 [orc wizard/+0 dagger (4)]
  3185 | D:3      | Killed from afar by an orc priest

Skill      XL: |  1  2  3  4 |
---------------+-------------+-----
Unarmed Combat | 3 4 5 |  5.3
Fighting       | |  3.0
Dodging        | |  2.6
Stealth        | |  1.7

Action                   |  1- 3 |  4- 6 || total
-------------------------+-------+-------++-------
Melee: Unarmed           |   174 |    82 ||   256
       Punch             |     3 |     2 ||     5
  Use: Potion            |       |     1 ||     1
 Stab: Sleeping          |     2 |     6 ||     8
       Invisible         |       |     1 ||     1
  Eat: Chunk             |     3 |     4 ||     7
Armor: Robe              |    65 |    17 ||    82
Dodge: Dodged            |   157 |    64 ||   221
